details: 'return'

« prev index next »

General information

Mini Map

Players

team 1
UndeadGayTiMe.WeRRa (orange | 110 APM | 1305 actions | 11:54)
Hero icon 4 Death Knight
Ability icon 2 Death Coil
Ability icon 2 Unholy Aura
Hero icon 2 Lich
Ability icon 1 Frost Nova
Ability icon 1 Frost Armor

» actions
Assign group hotkey16
Basic commands32
Build / train33
Enter build submenu11
Enter hero's abilities submenu6
Remove unit from queue1
Right click735
Select / deselect189
Select group hotkey234
Use ability48
1305 total
» units
Acolyte2
Ghoul3
Crypt Fiend8
13 total
» upgrades
Burrow1
Web1
2 total
» buildings
Crypt1
Graveyard1
Altar of Darkness1
Ziggurat5
Tomb of Relics1
Halls of the Dead1
Black Citadel1
Sacrificial Pit1
Boneyard1
13 total
» build order
00:07 Crypt
00:19 Graveyard
00:44 Altar of Darkness
00:57 Ziggurat
01:27 Tomb of Relics
02:00 Ziggurat
03:56 Halls of the Dead
04:36 Ziggurat
07:03 Ziggurat
08:04 Black Citadel
09:03 Sacrificial Pit
09:54 Ziggurat
10:45 Boneyard
» items
Rod of Necromancy3
Circlet of Nobility1
Scroll of Town Portal1
Potion of Healing1
6 total
HumanRetarded_Archer (purple | 111 APM | 1324 actions | 11:53)
Hero icon 3 Archmage
Ability icon 2 Summon Water Elemental
Ability icon 1 Brilliance Aura
Hero icon 1 Mountain King
Ability icon 1 Storm Bolt

» actions
Assign group hotkey57
Basic commands59
Build / train42
Enter build submenu13
Enter hero's abilities submenu4
Give item / drop item1
Remove unit from queue2
Right click645
Select / deselect294
Select group hotkey157
Use ability50
1324 total
» units
Peasant8
Footman8
Sorceress4
Priest1
Spell Breaker1
22 total
» upgrades
Defend1
1 total
» buildings
Altar of Kings2
Barracks1
Farm6
Scout Tower1
Arcane Tower2
Keep2
Arcane Vault1
Arcane Sanctum2
17 total
» build order
00:06 Altar of Kings
00:07 Altar of Kings
00:10 Barracks
00:20 Farm
01:20 Scout Tower
01:32 Farm
02:03 Arcane Tower
02:03 Arcane Tower
02:23 Farm
04:24 Keep
04:25 Keep
04:26 Farm
04:34 Arcane Vault
05:32 Farm
06:51 Arcane Sanctum
06:52 Arcane Sanctum
11:34 Farm
» items
Scroll of Regeneration1
Lesser Clarity Potion1
Potion of Healing3
Potion of Mana1
Scroll of Town Portal1
7 total
team 2
Undeaddie.already (teal | 75 APM | 889 actions | 11:53)
Hero icon 2 Death Knight
Ability icon 1 Death Coil
Ability icon 1 Unholy Aura
Hero icon 1 Lich
Ability icon 1 Frost Nova

» actions
Assign group hotkey9
Basic commands124
Build / train33
Enter build submenu17
Enter hero's abilities submenu3
Give item / drop item1
Right click379
Select / deselect251
Select group hotkey9
Use ability63
889 total
» units
Acolyte2
Crypt Fiend11
Ghoul2
Obsidian Statue2
17 total
» upgrades
Creature Attack1
Creature Carapace1
2 total
» buildings
Altar of Darkness1
Ziggurat4
Graveyard1
Crypt1
Nerubian Tower2
Tomb of Relics1
Halls of the Dead1
Slaughterhouse1
Spirit Tower1
13 total
» build order
00:09 Altar of Darkness
00:14 Ziggurat
01:00 Graveyard
01:23 Crypt
01:35 Nerubian Tower
01:43 Tomb of Relics
01:46 Ziggurat
04:30 Ziggurat
05:31 Halls of the Dead
07:36 Ziggurat
08:35 Slaughterhouse
10:38 Nerubian Tower
10:51 Spirit Tower
» items
Rod of Necromancy2
Potion of Healing1
3 total
Random» HumanElF65 (green | 44 APM | 519 actions | 11:50)
Hero icon 3 Archmage
Ability icon 2 Summon Water Elemental
Ability icon 1 Brilliance Aura
Hero icon 1 Mountain King
Ability icon 1 Storm Bolt

» actions
Build / train31
Enter build submenu11
Enter hero's abilities submenu4
Right click260
Select / deselect178
Use ability35
519 total
» units
Peasant10
Footman3
Rifleman10
23 total
» upgrades
Gunpowder1
1 total
» buildings
Altar of Kings1
Farm6
Barracks1
Blacksmith1
Keep1
Arcane Vault2
12 total
» build order
00:05 Altar of Kings
00:10 Farm
00:31 Barracks
00:49 Farm
01:54 Blacksmith
02:24 Farm
03:04 Farm
04:41 Keep
04:49 Arcane Vault
05:04 Farm
05:34 Farm
05:59 Arcane Vault

Chat log


(11:39 / All) ElF65: gg